 Dungeon Crawl Stone Soup version bcrawl-1.34.4 (webtiles) character file.

Game seed: 13364398662363725312

98237 KristoblXynda the Chucker (level 3, 0/31 HPs)
             Began as a Draconian Hunter on Oct 19, 2021.
             Slain by a howler monkey (6 damage)
             ... on level 3 of the Dungeon.
             The game lasted 00:02:01 (2204 turns).

KristoblXynda the Chucker (Draconian Hunter)        Turns: 2204, Time: 00:02:02

Health: 0/31       AC:  6    Str: 15    XL:     3   Next: 83%
Magic:  3/3        EV: 12    Int: 11    God:
Gold:   145        SH:  0    Dex: 11    Spells: 2/2 levels left

rFire    . . .     SeeInvis .   o - +0 falchion (freeze)
rCold    . . .     Gourm    .   (no shield)
rNeg     . . .     Faith    .   (armour unavailable)
rPois    .         Spirit   .   (helmet restricted)
rElec    .         Reflect  .   d - +0 cloak
rCorr    .         Harm     .   (no gloves)
MR       .....                  (no boots)
Stlth    +.........             (no amulet)
HPRegen  0.10/turn              (no ring)
MPRegen  0.08/turn              (no ring)

@: hasted, very quick
A: unfitting armour, cold-blooded, AC +5
a: no special abilities


You were on level 3 of the Dungeon.
You were hungry.

You visited 1 branch of the dungeon, and saw 3 of its levels.

You collected 145 gold pieces.

Inventory:

Hand Weapons
 o - a +0 falchion of freezing (weapon)
Missiles
 b - 173 javelins (quivered)
 c - 2 throwing nets {=f}
Armour
 d - a +0 cloak (worn)
Scrolls
 g - 2 scrolls of remove curse {unknown}
 i - a scroll of identify
 j - a scroll of noise {unknown}
 k - a scroll of blinking {unknown}
 n - a scroll of teleportation {unknown}
Potions
 a - a potion of flight {unknown}
 f - 2 potions of haste
 h - a potion of curing
 l - a potion of cancellation {unknown}
Comestibles
 e - 7 rations {!d}
 m - 3 chunks of flesh


   Skills:
 + Level 3.1 Fighting
 + Level 1.2 Long Blades
 + Level 4.0 Throwing
 + Level 2.4 Dodging
 - Level 1.0 Stealth


You had 2 spell levels left.
You didn't know any spells.
Your spell library was empty.

Dungeon Overview and Level Annotations

Branches:
Dungeon (3/12)

Altars:
Wu Jian


Innate Abilities, Weirdness & Mutations

Your plain brown scales are hard. (AC +5)
You cannot fit into any form of body armour.
You are cold-blooded and may be slowed by cold attacks.


Message History

You throw a javelin. The javelin closely misses the jackal.
The javelin closely misses the howler monkey.
The jackal barely misses you.
Throwing (i - inventory. (/) - cycle)
b - 175 javelins (quivered)
Press: ? - help, Shift-Dir - straight line, f/p - jackal
Aim: a jackal You throw a javelin.
The javelin closely misses the jackal.
The javelin barely misses the howler monkey.
The jackal barely misses you.
Throwing (i - inventory. (/) - cycle)
b - 174 javelins (quivered)
Press: ? - help, Shift-Dir - straight line, f/p - jackal
Aim: a jackal You are feeling hungry.
You throw a javelin. The javelin closely misses the jackal.
The javelin closely misses the howler monkey.
The jackal barely misses you.
You hit the jackal. You freeze the jackal.
You kill the jackal!
The howler monkey hits you.
You die...

### #.... # #.. #...
#.#.# #?.# # #.#.# #).#
#.#...#####..#
#...#......†.#
#....<.>.....# #
#.##..#...##########.##
#..###).).h@...÷...#
#......#############
##.##### ..# ###


You could see a howler monkey.

Vanquished Creatures
  2 worms (D:2)
  A dart slug (D:1)
  2 leopard geckos
  An orc (D:2)
  3 ball pythons (D:2)
  A giant cockroach (D:1)
  7 goblins
  6 hobgoblins
  5 jackals
  4 bats
  A frilled lizard (D:1)
  9 kobolds
  4 rats (D:1)
46 creatures vanquished.

Notes
Turn   | Place    | Note
-------+----------+-------------------------------------------
     0 | D:1      | KristoblXynda the Draconian Hunter began the quest for the
                  | Orb.
     0 | D:1      | Reached XP level 1. HP: 17/17 MP: 1/1
   397 | D:1      | Reached XP level 2. HP: 24/25 MP: 2/2
  1110 | D:2      | Reached XP level 3. HP: 28/30 MP: 3/3
  1618 | D:2      | Reached skill level 4 in Throwing
  1642 | D:2      | Found an ornate altar of the Wu Jian Council.
  1736 | D:2      | Reached skill level 1 in Long Blades
  2190 | D:3      | HP: 1/31 [howler monkey (5)]
  2204 | D:3      | Slain by a howler monkey

Skill      XL: |  1  2  3 |
---------------+----------+-----
Dodging        | 2 |  2.4
Throwing       | 4 |  4.0
Fighting       | 3 |  3.1
Long Blades    | 1 |  1.2
Stealth        | |  1.0

Action                   || total
-------------------------++-------
Melee: Short sword       ||    33
       Tailslap          ||    15
       Falchion          ||   114
Throw: Javelin           ||     7
  Use: Potion            ||     2
 Stab: Sleeping          ||     1
  Eat: Chunk             ||     8
Armor: Skin              ||    39
Dodge: Dodged            ||   121
